[Event "Late-Titled-Tuesday-Blitz-May-28-2024"]
[Site "Chess.com"]
[Date "2024.05.28"]
[Round "2"]
[White "Aygehovit1992"]
[Black "Slovak_fighter2000"]
[Result "1-0"]
[WhiteElo "2818"]
[BlackElo "2546"]
[TimeControl "180+1"]
[EndTime "14:18:15 PDT"]
[Termination "Aygehovit1992 won by resignation"]

1. e4 e6 2. d4 d5 3. Nc3 Nf6 4. Bg5 Be7 5. e5 Nfd7 6. h4 h6 7. Bxe7 Qxe7 8. Qg4 O-O 9. O-O-O c5 10. f4 cxd4 11.
Nb5 Nc6 12. Nf3 f6 13. Nbxd4 Nc5 14. Bd3 fxe5 15. Nxc6 bxc6 16. Nxe5 Nxd3+ 17. Rxd3 Qf6 18. Rf3 c5 19. Re1 Rb8 20. h5 Rb4 21. g3 Qf5 22. Qxf5 Rxf5 23. Nc6 Rb7 24. g4 Rf8 25. Ree3 Rc7 26.
Ne5 d4 27. Ra3 a6 28. Ng6 Rf6 29. Rfb3 Rb7 30. Rxa6 Rxb3 31. Ra8 Rf8 32. axb3 Re8 33. Rxc8 Rxc8 34. Ne7+ Kf7 35. Nxc8 g6 36. Nd6+ Kf6 37. Ne4+ Kg7 38. hxg6 Kxg6 39. Nxc5 e5 40. fxe5 Kg5 41.
e6 Kf6 42. Kd2 h5 43. gxh5 1-0

[Event "Late-Titled-Tuesday-Blitz-May-28-2024"]
[Site "Chess.com"]
[Date "2024.05.28"]
[Round "2"]
[White "juancruzarias"]
[Black "Boninknights"]
[Result "1/2-1/2"]
[WhiteElo "2663"]
[BlackElo "2409"]
[TimeControl "180+1"]
[EndTime "14:18:15 PDT"]
[Termination "Game drawn by repetition"]

1. d4 Nf6 2. Nf3 d6 3. e3 g6 4.
Be2 Bg7 5. O-O O-O 6. b3 b6 7. Bb2 Bb7 8. c4 e6 9. Nc3 c5 10.
Qc2 Nbd7 11. Rfd1 a6 12. dxc5 Nxc5 13. Nd4 Qc7 14. Bf3 Rac8 15. Qe2 Rfd8 16. Rac1 Nfe4 17.
Nxe4 Nxe4 18. Ba1 Qb8 19. h3 Qa8 20. h4 d5 21. cxd5 Bxd5 22. h5 b5 23. hxg6 hxg6 24. Bb2 b4 25. Bxe4 Bxe4 26. f3 Bb7 27. Rxc8 Rxc8 28.
Qd2 a5 29. Ne2 Bxb2 30. Qxb2 Bxf3 31. gxf3 Qxf3 32. Qd2 Rc5 33. Nf4 Rg5+ 34. Kh2 Qg3+ 35. Kh1 e5 36. Ng2 Rh5+ 37. Kg1 Qh2+ 38. Kf1 Rf5+ 39.
Ke2 Qxg2+ 40. Kd3 Qxd2+ 41. Rxd2 g5 42. Ke4 Rf1 43. Kxe5 Kg7 44. Rd5 Kg6 45. Ke4 f5+ 46. Ke5 g4 47. Rd8 Kg5 48. Rh8 g3 49. e4 fxe4 50.
Kxe4 Kg4 51. Rg8+ Kh3 52. Rh8+ Kg4 53. Ke3 g2 54. Rg8+ Kh3 55. Rh8+ Kg3 56. Rg8+ Kh2 57. Rh8+ Kg3 58. Rg8+ Kh2 59. Rh8+ Kg3 1/2-1/2

[Event "Late-Titled-Tuesday-Blitz-May-28-2024"]
[Site "Chess.com"]
[Date "2024.05.28"]
[Round "2"]
[White "atalz0"]
[Black "trriinu"]
[Result "1-0"]
[WhiteElo "2502"]
[BlackElo "2228"]
[TimeControl "180+1"]
[EndTime "14:18:15 PDT"]
[Termination "atalz0 won on time"]

1. d4 d5 2. c4 e5 3. dxe5 d4 4. Nf3 Nc6 5. a3 Nge7 6. b4 Ng6 7. Bb2 a5 8. b5 Ncxe5 9. Nxe5 Nxe5 10. Bxd4 Nxc4 11.
e3 Nd6 12. Bd3 Qg5 13. O-O Bg4 14. f3 Bh3 15. Ra2 Be6 16. f4 Qh6 17. Rd2 Be7 18. f5 Bd5 19. Nc3 Bc4 20. Qg4 f6 21. Ne4 Bxd3 22.
Rxd3 O-O-O 23. Rf3 Nc4 24. Rh3 Nxe3 25. Rdxe3 Rxd4 26. Rxh6 gxh6 27. h3 Rhd8 28. Qg7 Bf8 29. Qxf6 Rd1+ 30.
Kh2 Re8 31. Qf7 Red8 32. Qe6+ 1-0

[Event "Late-Titled-Tuesday-Blitz-May-28-2024"]
[Site "Chess.com"]
[Date "2024.05.28"]
[Round "2"]
[White "ahkashefi2800"]
[Black "sergiochess83"]
[Result "0-1"]
[WhiteElo "2560"]
[BlackElo "2886"]
[TimeControl "180+1"]
[EndTime "14:18:18 PDT"]
[Termination "sergiochess83 won on time"]

1. d4 Nf6 2. Nf3 d5 3. c4 c6 4. Nc3 dxc4 5. a4 Bf5 6. e3 e6 7.
Bxc4 Bb4 8. O-O O-O 9. Ne2 h6 10. Ng3 Bh7 11. Bd2 Bxd2 12. Qxd2 Nbd7 13. b4 Qe7 14.
Rfc1 Rad8 15. Qc3 Rfe8 16. Bb3 a6 17. h3 Bg6 18. Ra2 Nd5 19. Bxd5 cxd5 20. Qb2 Rc8 21. Raa1 f6 22. Ne2 Nb6 23. Ng3 Nc4 24. Qb3 b6 25.
Ne2 Rc7 26. Nf4 Be4 27. a5 bxa5 28. bxa5 Bxf3 29. gxf3 Rec8 30. Qd1 Qd7 31. Qe1 e5 32. dxe5 fxe5 33. Nd3 Qxh3 34. Qe2 Rc6 0-1

[Event "Late-Titled-Tuesday-Blitz-May-28-2024"]
[Site "Chess.com"]
[Date "2024.05.28"]
[Round "2"]
[White "Zapateado"]
[Black "Statham_01"]
[Result "0-1"]
[WhiteElo "2374"]
[BlackElo "2697"]
[TimeControl "180+1"]
[EndTime "14:18:19 PDT"]
[Termination "Statham_01 won by resignation"]

1. c4 e5 2. Nc3 Nf6 3. g3 c6 4.
Nf3 e4 5. Nd4 d5 6. cxd5 cxd5 7.
d3 Nc6 8. Nxc6 bxc6 9. dxe4 d4 10. Nb1 Nxe4 11. Bg2 Bb4+ 12. Bd2 Nxd2 13. Nxd2 O-O 14. O-O Bg4 15. h3 Bh5 16. g4 Bg6 17. Nb3 d3 18. e4 a5 19. f4 a4 20. Nd2 Qd4+ 21. Kh2 Bxd2 22. Qxd2 Bxe4 23. Bxe4 Qxe4 24. Rae1 Qd4 25. Rd1 Rab8 26. Rf2 c5 27. Kg2 c4 28. Rc1 Rfe8 29.
Qc3 Qe4+ 30. Kg1 Rbc8 31. b3 axb3 32. axb3 h5 33. bxc4 Qe3 34. Kg2 Qe4+ 35. Kg1 Rc6 36. Qd2 hxg4 37. hxg4 Rh6 38. Rh2 Rxh2 39. Kxh2 Qf3 40.
Re1 Rxe1 41. Qxe1 Qe2+ 0-1

[Event "Late-Titled-Tuesday-Blitz-May-28-2024"]
[Site "Chess.com"]
[Date "2024.05.28"]
[Round "2"]
[White "FuenfgegenWilly"]
[Black "attack2mateU"]
[Result "0-1"]
[WhiteElo "2448"]
[BlackElo "2698"]
[TimeControl "180+1"]
[EndTime "14:18:21 PDT"]
[Termination "attack2mateU won on time"]

1. b3 e5 2. Bb2 Nc6 3. e3 Nf6 4. c4 d5 5. cxd5 Nxd5 6. a3 Be6 7. Qc2 Qd7 8. Nf3 f6 9. d3 O-O-O 10. Nbd2 g5 11.
Be2 g4 12. Nh4 Be7 13. g3 Rhf8 14. Nc4 Nb6 15. O-O-O Kb8 16. Kb1 Bd5 17. Rhe1 Be6 18. Bf1 f5 19. Ng2 Bf6 20. Ka2 Qf7 21. Qb1 Qh5 22.
Qa1 Nxc4 23. dxc4 Qxh2 24. Nf4 exf4 25. Bxf6 Rxd1 26. Rxd1 Qxf2+ 27. Bb2 fxg3 28. Bd3 g2 29. e4 Rd8 30. exf5 Bxf5 31. Bxf5 Rxd1 32. Qxd1 g1=Q 33. Qd5 a6 34. Be4 Qc1 35. Qg8+ Ka7 36. Qg7 g3 37. Bxc6 Qcxb2+ 38. Qxb2 Qxb2+ 39. Kxb2 bxc6 0-1

[Event "Late-Titled-Tuesday-Blitz-May-28-2024"]
[Site "Chess.com"]
[Date "2024.05.28"]
[Round "2"]
[White "Flaccidmoves"]
[Black "VirtualCoach"]
[Result "1-0"]
[WhiteElo "2484"]
[BlackElo "2195"]
[TimeControl "180+1"]
[EndTime "14:18:21 PDT"]
[Termination "Flaccidmoves won on time"]

1. c4 c5 2. Nc3 Nc6 3. e3 e5 4. Nf3 Nf6 5. d4 e4 6. Ng5 cxd4 7. exd4 Qe7 8. d5 Nb4 9. Be3 h6 10. Nh3 d6 11. a3 Na6 12. Nf4 Ng4 13. Bd4 e3 14. Bxe3 Nxe3 15. fxe3 Qxe3+ 16. Qe2 Qxe2+ 17. Bxe2 Be7 18. b4 Bf6 19. Rc1 Bg5 20. O-O Bd7 21. Ne4 Be7 22. c5 dxc5 23. bxc5 O-O 24. Bxa6 bxa6 25.
d6 Bd8 26. c6 Bf5 27. Ng3 Bb6+ 28. Kh1 Bg4 29. h3 Be6 30. Nxe6 fxe6 31. c7 Rfc8 32. Ne4 Ba5 33. Rfd1 1-0

[Event "Late-Titled-Tuesday-Blitz-May-28-2024"]
[Site "Chess.com"]
[Date "2024.05.28"]
[Round "2"]
[White "RobertJFischer71"]
[Black "simaopdias"]
[Result "1-0"]
[WhiteElo "2663"]
[BlackElo "2265"]
[TimeControl "180+1"]
[EndTime "14:18:22 PDT"]
[Termination "RobertJFischer71 won by resignation"]

1. e4 c5 2. Nf3 g6 3. d4 cxd4 4. Nxd4 Nc6 5. c4 Bg7 6. Be3 Nf6 7. Nc3 d6 8. Be2 O-O 9. O-O Bd7 10. Qd2 a5 11. b3 Nxd4 12. Bxd4 Bc6 13. f3 Nd7 14. Be3 Nc5 15. Rab1 Bf6 16. Rfc1 Re8 17. Bf1 Be5 18. Qf2 Nd7 19. a3 e6 20.
b4 axb4 21. axb4 Qf6 22. Ne2 b5 23. Nd4 Bxd4 24. Bxd4 e5 25. cxb5 Bxe4 26. fxe4 exd4 27. Qxf6 Nxf6 28. Rc4 Nxe4 29. Rxd4 Rab8 30. Rc1 f5 31. Rc7 Rec8 32. b6 Rd8 33. b7 Nf6 34. Bb5 Kf8 35. Bc6 h6 36. b5 Ne8 37. Bxe8 Rxe8 38. Rxd6 Re7 39. Rc8+ Re8 40. Rdd8 Rxb7 41. Rxe8+ Kg7 42. Rc5 Kf6 43. Rec8 h5 44. h4 f4 45. R8c6+ 1-0

[Event "Late-Titled-Tuesday-Blitz-May-28-2024"]
[Site "Chess.com"]
[Date "2024.05.28"]
[Round "2"]
[White "GAZZAN_3000"]
[Black "janhelmer03"]
[Result "1-0"]
[WhiteElo "2676"]
[BlackElo "2397"]
[TimeControl "180+1"]
[EndTime "14:18:23 PDT"]
[Termination "GAZZAN_3000 won on time"]

1. d4 d5 2. c4 e6 3. Nf3 Nf6 4. Nc3 c6 5. Bg5 h6 6. Bh4 Be7 7. e3 Nbd7 8. Bd3 O-O 9. O-O dxc4 10. Bxc4 b5 11. Bd3 Bb7 12. Rc1 a6 13. Ne2 c5 14.
Ng3 cxd4 15. Nxd4 Ne5 16. Be2 Qd5 17. f3 Rac8 18. Bxf6 Bxf6 19. Ne4 Be7 20. Nc3 Qd7 21. f4 Nc4 22. Bxc4 Rxc4 23. Nf5 Qc7 24. Nxe7+ Qxe7 25. Qd2 Rd8 26. Qf2 Rdc8 27. Ne2 Rxc1 28. Rxc1 Rxc1+ 29.
Nxc1 Qc5 30. Qd2 Be4 31. a3 Qc4 32. Ne2 Qc6 33. Nc3 Kh7 34. h3 f5 35. Kh2 Qc4 36.
Qe2 Bd3 37. Qd2 Be4 38. Ne2 Bd5 39. Nd4 Qf1 40. Nxf5 Bxg2 41. Ng3 Qf3 42. Qxg2 1-0

[Event "Late-Titled-Tuesday-Blitz-May-28-2024"]
[Site "Chess.com"]
[Date "2024.05.28"]
[Round "2"]
[White "maximnovik"]
[Black "Kiborg95"]
[Result "1-0"]
[WhiteElo "2562"]
[BlackElo "2801"]
[TimeControl "180+1"]
[EndTime "14:18:24 PDT"]
[Termination "maximnovik won by resignation"]

1. e4 d6 2. d4 Nf6 3. Bd3 e5 4. c3 Nc6 5. Nf3 Bg4 6. Be3 d5 7.
Nbd2 exd4 8. cxd4 dxe4 9. Nxe4 Bb4+ 10. Nc3 O-O 11. O-O Re8 12. h3 Bh5 13. Be2 h6 14. Qb3 Rb8 15. Rad1 Bd6 16. Ne5 Nxe5 17. Bxh5 Nxh5 18.
dxe5 Rxe5 19. Bxa7 Ra8 20. Qxb7 Nf4 21. Be3 Rb8 22. Qf3 Ng6 23. b3 Nh4 24. Qg4 h5 25. Qc4 Qf6 26. Nd5 Rxd5 27. Rxd5 Rb4 28. Rxd6 Qxd6 29.
Qc5 Qg6 30. Qg5 Qxg5 31. Bxg5 Nf5 32. Rd1 f6 33. Be3 Re4 34. Rd3 c5 35. Rc3 Nxe3 36. fxe3 c4 37. Rxc4 Kf7 38. Rxe4 1-0

[Event "Late-Titled-Tuesday-Blitz-May-28-2024"]
[Site "Chess.com"]
[Date "2024.05.28"]
[Round "2"]
[White "SRob2003"]
[Black "KebabJangles"]
[Result "1-0"]
[WhiteElo "2672"]
[BlackElo "2278"]
[TimeControl "180+1"]
[EndTime "14:18:25 PDT"]
[Termination "SRob2003 won by checkmate"]

1. Nf3 c5 2. e4 e6 3. d4 cxd4 4. Nxd4 a6 5. c4 Nf6 6. Nc3 Bb4 7. Qd3 Qc7 8. f3 O-O 9. a3 Be7 10. Be3 Nc6 11. Nxc6 dxc6 12. c5 e5 13. Qc2 Be6 14.
Be2 Nh5 15. O-O Nf4 16. Rfd1 Rad8 17. Bf1 f5 18. b4 Kh8 19. Rxd8 Bxd8 20. Rd1 Bg5 21.
Bf2 Be7 22. Qb2 fxe4 23. Nxe4 Bd5 24. Re1 Bf6 25. Bg3 Ne6 26. Nxf6 gxf6 27. Rxe5 Qg7 28. Rh5 Ng5 29. Bd3 Re8 30. Kf1 Kg8 31. Bh4 Nxf3 32. gxf3 Bxf3 33. Rxh7 Qg4 34. Bxf6 Kf8 35. Rh8+ Kf7 36.
Bg6+ Qxg6 37. Rxe8 Kxe8 38. Qe5+ Kf7 39. Qe7+ Kg8 40.
Qd8+ Kh7 41. Qh8# 1-0

[Event "Late-Titled-Tuesday-Blitz-May-28-2024"]
[Site "Chess.com"]
[Date "2024.05.28"]
[Round "2"]
[White "jaskol95"]
[Black "Nechitaylo_Nikita"]
[Result "1-0"]
[WhiteElo "2536"]
[BlackElo "2328"]
[TimeControl "180+1"]
[EndTime "14:18:26 PDT"]
[Termination "jaskol95 won on time"]

1. e4 c5 2. Nf3 Nc6 3. b4 Nxb4 4. c3 Nc6 5. d4 cxd4 6. cxd4 d5 7. exd5 Qxd5 8.
Nc3 Qd8 9. d5 Nb8 10. Bf4 Nf6 11.
Bb5+ Bd7 12. O-O Qa5 13. Qb3 g5 14. Bxg5 Bg7 15. Rfe1 O-O 16. Bd3 Na6 17. Qc2 Nb4 18. Qd2 Rac8 19. Rac1 Rfe8 20. Bb1 e6 21. Bh6 Bxh6 22.
Qxh6 Nbxd5 23. Nxd5 exd5 24. Rxe8+ Rxe8 25. Qxf6 Qa3 26. Bxh7+ Kf8 27. Qh6+ Ke7 28. Re1+ Kd8 29. Rxe8+ Kxe8 30. h3 Qxa2 31. Qe3+ Kd8 32. Ne5 Qa1+ 33.
Kh2 Be6 34. Qg5+ Ke8 35. Nf3 d4 36. Qe5 1-0

[Event "Late-Titled-Tuesday-Blitz-May-28-2024"]
[Site "Chess.com"]
[Date "2024.05.28"]
[Round "2"]
[White "ImportedItalianMaple"]
[Black "rionelG"]
[Result "1-0"]
[WhiteElo "2532"]
[BlackElo "2303"]
[TimeControl "180+1"]
[EndTime "14:18:27 PDT"]
[Termination "ImportedItalianMaple won on time"]

1. e4 c5 2. Nf3 d6 3. Bc4 e6 4. d3 a6 5. a4 Nc6 6. c3 Nge7 7. O-O g6 8. d4 cxd4 9. Nxd4 Bg7 10. Be3 O-O 11.
Na3 d5 12. exd5 Nxd5 13. Nxc6 bxc6 14. Bd4 e5 15. Bc5 Re8 16. Nc2 Be6 17. Qf3 Qf6 18.
Qxf6 Bxf6 19. Bxd5 cxd5 20. a5 Rac8 21. Bb6 d4 22. Nb4 dxc3 23. bxc3 Bc4 24. Rfd1 Bb5 25. Nd5 Bd8 26. Bxd8 Rexd8 27. Ne7+ Kf8 28. Nxc8 Rxc8 29.
Rac1 Rc4 30. Rd5 e4 31. Rd4 Rxd4 32. cxd4 Ke7 33. Rc5 Kd6 34. Re5 f5 35. g4 Bd7 36.
gxf5 gxf5 37. Kg2 f4 38. Rxe4 Bc6 39. Kf3 Bxe4+ 40. Kxe4 h5 41. Kxf4 Kd5 42. Ke3 h4 43. h3 Kc4 44. Ke4 Kb5 45. d5 Kxa5 46. Ke5 Kb6 47.
d6 a5 48. Ke6 a4 49. d7 Kc7 50. Ke7 a3 51. d8=Q+ Kc6 52. Qa8+ 1-0

[Event "Late-Titled-Tuesday-Blitz-May-28-2024"]
[Site "Chess.com"]
[Date "2024.05.28"]
[Round "2"]
[White "wonderfultime"]
[Black "slorovel"]
[Result "1-0"]
[WhiteElo "3005"]
[BlackElo "2597"]
[TimeControl "180+1"]
[EndTime "14:18:28 PDT"]
[Termination "wonderfultime won by resignation"]

1. d4 Nf6 2. Nf3 g6 3. Bg5 Bg7 4. Nbd2 d5 5. c3 c5 6. e3 Nc6 7. Bd3 O-O 8. O-O h6 9. Bh4 Qb6 10. Rb1 a5 11. a4 Nd7 12. Bb5 e5 13. c4 cxd4 14. cxd5 Nb4 15. exd4 exd4 16. Be7 Re8 17. Nc4 Qa7 18. d6 Nc6 19. Re1 Qc5 20. Bh4 Rf8 21. Rc1 Qf5 22. Be7 Re8 23. h3 h5 24.
Bxc6 bxc6 25. Nxd4 Qd5 26. Nb3 Qf5 27. Qd2 c5 28.
Nbxa5 Ba6 29. b3 Rac8 30. Ne3 Qf4 31. Nac4 Bd4 32. Nd5 Qf5 33. Nc7 Bxc4 34. bxc4 Ne5 35. Nxe8 Rxe8 36. Qg5 Qxf2+ 37. Kh1 Nd3 38. Rf1 Qa2 39.
d7 Nf2+ 40. Rxf2 Qxf2 41. dxe8=Q+ 1-0

[Event "Late-Titled-Tuesday-Blitz-May-28-2024"]
[Site "Chess.com"]
[Date "2024.05.28"]
[Round "2"]
[White "TheoSlade"]
[Black "j2806"]
[Result "1-0"]
[WhiteElo "2449"]
[BlackElo "2005"]
[TimeControl "180+1"]
[EndTime "14:18:28 PDT"]
[Termination "TheoSlade won on time"]

1. d4 d5 2. c4 e6 3. Nf3 Nf6 4. g3 Be7 5. Bg2 O-O 6. O-O dxc4 7. Qc2 a6 8. a4 Bd7 9. Qxc4 Bc6 10. Bf4 a5 11. Nc3 Na6 12. Rfe1 Ne4 13. Rac1 Rc8 14. Ne5 Bd5 15. Qb5 Nxc3 16. bxc3 Bxg2 17. Kxg2 Qd5+ 18. e4 Qxb5 19. axb5 Nb8 20. c4 Rfd8 21. Red1 Nd7 22. Nxd7 Rxd7 23. c5 c6 24. b6 g5 25. Bc7 Bd8 26. Bd6 Be7 27. e5 Bxd6 28. exd6 Ra8 29. Ra1 f6 30. Rd3 e5 31. dxe5 fxe5 32. Re3 Kf7 33.
Rxe5 Kf6 34. Re4 Rdd8 35. Rea4 Ke5 36. Rxa5 Rxa5 37. Rxa5 Kd4 38. f4 gxf4 39. gxf4 Rg8+ 40. Kf3 Rg7 41. h3 Kc4 42. f5 Kb4 43. Ra1 Kxc5 44.
Rd1 Rd7 45. Kf4 Kxb6 46. Ke5 c5 47. Ke6 Kc6 48. f6 Rd8 49. d7 b5 50. Ke7 Kc7 51. Rd5 c4 52. Rc5+ Kb6 53. Kxd8 Kxc5 54. Ke7 1-0

[Event "Late-Titled-Tuesday-Blitz-May-28-2024"]
[Site "Chess.com"]
[Date "2024.05.28"]
[Round "2"]
[White "MikeSailer"]
[Black "giomar27"]
[Result "0-1"]
[WhiteElo "2111"]
[BlackElo "2459"]
[TimeControl "180+1"]
[EndTime "14:18:29 PDT"]
[Termination "giomar27 won on time"]

1. d4 c5 2. e3 d5 3. Nf3 Nc6 4. Bd3 Nf6 5. b3 Bg4 6. Bb2 e6 7. Nbd2 Rc8 8. O-O cxd4 9. exd4 Bd6 10. a3 O-O 11. Qe1 Qc7 12. h3 Bh5 13. Rc1 Qb8 14. c4 dxc4 15. bxc4 Nd7 16. d5 exd5 17. cxd5 Nce5 18.
Nxe5 Nxe5 19. Rxc8 Rxc8 20. Bb1 Re8 21. Qc1 Be2 22.
Re1 Nd3 23. Bxd3 Bxd3 24. Rxe8+ Qxe8 25. Bxg7 Qe2 26. Bh6 f5 27. Qc8+ Kf7 28. Qd7+ Qe7 29. Qxe7+ Kxe7 30. Be3 b6 31. a4 Bc2 32. Nc4 Bxa4 33. Nxb6 axb6 34. Bxb6 Bb3 35. Be3 Bxd5 36. f4 h5 37. Kf2 Kf6 38. Bd4+ Kg6 39. Kg3 h4+ 40. Kxh4 Bxf4 41. g4 Bg5+ 42. Kg3 f4+ 43. Kf2 Bh4+ 44. Kf1 f3 45. Be3 Kf6 46. Bd4+ Ke6 0-1

[Event "Late-Titled-Tuesday-Blitz-May-28-2024"]
[Site "Chess.com"]
[Date "2024.05.28"]
[Round "2"]
[White "h4parah5"]
[Black "BabageldiAnnaberdiyev"]
[Result "1-0"]
[WhiteElo "2991"]
[BlackElo "2590"]
[TimeControl "180+1"]
[EndTime "14:18:30 PDT"]
[Termination "h4parah5 won by resignation"]

1. Nf3 e6 2. b3 d5 3. Bb2 f5 4. c4 Nf6 5. g3 c6 6. Bg2 a5 7.
Nc3 Bd6 8. O-O O-O 9. Rc1 Na6 10. d3 e5 11. cxd5 cxd5 12. Nb5 e4 13. Ne5 Be6 14. Nxd6 Qxd6 15. Qd2 Nb4 16. Bd4 Rfd8 17. a3 Nc6 18. Nxc6 bxc6 19. Qc3 Bf7 20. Qxc6 Qxa3 21. Bxf6 gxf6 22.
Qxf6 Qxb3 23. Rc7 Rf8 24. Qxf5 Qb6 25. Qg5+ Qg6 26. Qe5 Rfe8 27. Qd4 a4 28. Ra1 a3 29.
Rc3 a2 30. Rc2 exd3 31. exd3 Qg7 32. Qxg7+ Kxg7 33. Rcxa2 Rxa2 34. Rxa2 Re1+ 35. Bf1 d4 36. Re2 Rd1 37. Re4 Kf6 38. Rxd4 Be6 39. Kg2 Ke5 40. Re4+ Kd6 41. Be2 Rd2 42. Re3 Bd5+ 43. Bf3 Be6 44. Be4 h5 45. h4 Bg4 46. Bf3 Bf5 47. Bxh5 Bxd3 48. Bf3 Bf5 49. g4 Be6 50. Kg3 Rd4 51. h5 Rb4 52. h6 Rb8 53. h7 Rh8 54. Be4 1-0

[Event "Late-Titled-Tuesday-Blitz-May-28-2024"]
[Site "Chess.com"]
[Date "2024.05.28"]
[Round "2"]
[White "eljanov"]
[Black "TheLonePika"]
[Result "1-0"]
[WhiteElo "2886"]
[BlackElo "2425"]
[TimeControl "180+1"]
[EndTime "14:18:30 PDT"]
[Termination "eljanov won by resignation"]

1. d4 d5 2. Bf4 c5 3. e3 Nc6 4. Nf3 Nf6 5. Nbd2 e6 6. c3 Nh5 7. Bg5 f6 8. Bh4 g6 9. Be2 Be7 10. O-O cxd4 11. Nxd4 Ng7 12. Bg3 O-O 13. e4 e5 14.
Nxc6 bxc6 15. Kh1 Rb8 16. Qc2 dxe4 17. Nc4 Bf5 18. Rad1 Qc8 19. Ne3 Qb7 20. b4 Rfd8 21. Nxf5 gxf5 22. f4 exf3 23. Bxf3 Rxd1 24. Qxd1 Rd8 25.
Qb3+ Kh8 26. Qf7 Rf8 27. Qc4 e4 28. Be2 Rc8 29. h3 c5 30. b5 Rd8 31. a4 Qd7 32. a5 Qe6 33. Qxe6 Nxe6 34. Rxf5 Rd2 35. Bc4 Ng5 36.
h4 Rd1+ 37. Kh2 Rc1 38. hxg5 Rxc3 39. gxf6 Bf8 40. Bd5 e3 41. b6 axb6 42. axb6 1-0

[Event "Late-Titled-Tuesday-Blitz-May-28-2024"]
[Site "Chess.com"]
[Date "2024.05.28"]
[Round "2"]
[White "Alina_Gumerovna"]
[Black "RespectfulDaveOnYouTube"]
[Result "0-1"]
[WhiteElo "2176"]
[BlackElo "2482"]
[TimeControl "180+1"]
[EndTime "14:18:30 PDT"]
[Termination "RespectfulDaveOnYouTube won on time"]

1. e4 d5 2. exd5 c6 3. d4 cxd5 4. g3 Nc6 5. Bg2 Nf6 6. Ne2 Bg4 7. O-O e6 8. Bg5 Be7 9. c3 O-O 10. h3 Bh5 11. Nd2 b5 12. g4 Bg6 13. Nf4 b4 14.
h4 bxc3 15. bxc3 Ne8 16. Bxe7 Qxe7 17. h5 Qc7 18. Qf3 Bc2 19. a4 Nd6 20. h6 Ne4 21. hxg7 Kxg7 22. Nh5+ Kh8 23. Nxe4 f5 24. Nc5 Be4 25. Qe2 Qf7 26. Nxe4 fxe4 27. f3 e3 28. f4 Qg6 29. Qxe3 Qxg4 30. Qh3 Qg6 31. Kh2 Ne7 32. Ng3 Rf6 33. Rae1 Rg8 34. Rf3 Qf7 35. Re5 Ng6 36. Ree3 Nxf4 37. Qh4 Rgg6 0-1

[Event "Late-Titled-Tuesday-Blitz-May-28-2024"]
[Site "Chess.com"]
[Date "2024.05.28"]
[Round "2"]
[White "cassoulet"]
[Black "Nekoo04"]
[Result "0-1"]
[WhiteElo "2720"]
[BlackElo "2430"]
[TimeControl "180+1"]
[EndTime "14:18:31 PDT"]
[Termination "Nekoo04 won by checkmate"]

1. e4 c5 2. Nf3 d6 3. d4 cxd4 4. Nxd4 Nf6 5. Nc3 Nc6 6. g3 g6 7. Bg2 Nxd4 8. Qxd4 Bg7 9. O-O O-O 10. Qd3 Be6 11. Bg5 Rc8 12. Nd5 Nxd5 13. exd5 Bf5 14. Qe3 f6 15. Bh6 Bxh6 16. Qxh6 Rxc2 17. Qe3 Rxb2 18.
Qxa7 Qb6 19. Qa3 Rc8 20. Rae1 Kf7 21. h3 Rcc2 22. Qf3 Qd4 23. g4 Bd3 24. Rd1 Rd2 25. Rxd2 Rxd2 26. Re1 Bc4 27. Qg3 Bxd5 28. Bxd5+ Qxd5 29. Qe3 e5 30. Qb6 Kg7 31. Qc7+ Kh6 32. Qd8 Qf3 33.
Qb6 Kg5 34. Qe3+ Qxe3 35. Rxe3 Rxa2 36. Rb3 Kh4 37. Kg2 h5 38. gxh5 Kxh5 39. Rxb7 d5 40. Rf7 Kg5 41. Kg3 Ra3+ 42. Kg2 d4 43. Rd7 f5 44. Rd6 e4 45. Rd5 d3 46. Kg3 Kf6 47.
h4 Ke6 48. Rd8 Ra2 49. Rd4 Ke5 50. Rd8 f4+ 51. Kg4 Rxf2 52. Re8+ Kd4 53. Rd8+ Ke3 54. Re8 Rg2+ 55. Kh3 Rg3+ 56. Kh2 d2 57. Rd8 Ke2 58. Rd4 e3 59. Rxf4 Rf3 60. Rg4 d1=Q 61. Rg2+ Rf2 62.
h5 Rxg2+ 63. Kxg2 Qf1+ 64. Kg3 Qf2+ 65. Kg4 gxh5+ 66. Kxh5 Kf3 67. Kg5 e2 68. Kg6 e1=Q 69. Kh6 Qeg1 70. Kh7 Qfh2# 0-1

[Event "Late-Titled-Tuesday-Blitz-May-28-2024"]
[Site "Chess.com"]
[Date "2024.05.28"]
[Round "2"]
[White "Thjop"]
[Black "Polish_fighter3000"]
[Result "0-1"]
[WhiteElo "2641"]
[BlackElo "3119"]
[TimeControl "180+1"]
[EndTime "14:18:33 PDT"]
[Termination "Polish_fighter3000 won by resignation"]

1. e4 e6 2. d4 d5 3. Nd2 Be7 4. Bd3 c5 5. dxc5 Nf6 6. Qe2 O-O 7. Ngf3 a5 8. c4 Na6 9. e5 Nd7 10. cxd5 exd5 11. O-O Nb4 12. Bb1 b6 13. Rd1 Ba6 14.
Qe3 bxc5 15. a3 Nc6 16. Nf1 Nb6 17. Ng3 Re8 18. Nf5 Bf8 19. Qf4 Bc8 20. Ng5 Nxe5 21. Ne3 g6 22. h4 Ra7 23. Bd2 Bg7 24. Bc3 d4 25. Be1 Qf6 26. Qxf6 Bxf6 27. Nc2 Bxg5 28. hxg5 Bf5 29. a4 Nec4 30. b3 Nb2 31. Rc1 Nd3 32. Rd1 Nb2 33. Rc1 Nd3 34. Rd1 Nxe1 35. Rxe1 Rae7 36.
Rxe7 Rxe7 37. Kf1 Bd3+ 38. Kg1 Re2 39. Kh2 Bxc2 40. Bxc2 Rxc2 41. Re1 d3 42. Re8+ Kg7 43. Rd8 d2 44. Rd6 c4 45. Kg3 cxb3 0-1

[Event "Late-Titled-Tuesday-Blitz-May-28-2024"]
[Site "Chess.com"]
[Date "2024.05.28"]
[Round "2"]
[White "only_strong_moves"]
[Black "ural58"]
[Result "1-0"]
[WhiteElo "2713"]
[BlackElo "2412"]
[TimeControl "180+1"]
[EndTime "14:18:33 PDT"]
[Termination "only_strong_moves won by resignation"]

1. h3 b6 2. a4 Bb7 3. Nf3 g6 4.
g3 Bg7 5. Bg2 e5 6. O-O Ne7 7. d3 O-O 8. a5 d5 9. Nbd2 Nd7 10. c4 c5 11. cxd5 Bxd5 12. Nc4 Nc6 13. Ne3 Bxf3 14. Bxf3 Nxa5 15. Bxa8 Qxa8 16. Bd2 Nc6 17.
Nc4 Nd4 18. Bc3 Qb7 19. Bxd4 exd4 20. e3 dxe3 21. fxe3 b5 22. Na5 Qc7 23. Qf3 Bxb2 24. Ra2 Bg7 25. Nc6 Ne5 26. Nxe5 Bxe5 27. Kg2 a5 28.
Qd5 Bxg3 29. Rc2 Bh4 30. Rf4 Be7 31. Rcf2 Bd8 32. Rc2 c4 33. dxc4 b4 34. c5 Qb8 35.
Rcf2 Qc7 36. c6 Qe7 37. Rxf7 Rxf7 38. Rxf7 Qxf7 39. Qxd8+ Kg7 40. c7 Qa2+ 41. Kg3 Qe6 42. Qd4+ Kg8 43. Qc5 Qc8 44. Qd6 Kg7 45. Qe7+ Kh6 46.
Qd8 Qe6 47. Qf8+ Kh5 48. c8=Q 1-0

[Event "Late-Titled-Tuesday-Blitz-May-28-2024"]
[Site "Chess.com"]
[Date "2024.05.28"]
[Round "2"]
[White "TheAlienParty"]
[Black "GlavkonVVS"]
[Result "0-1"]
[WhiteElo "2372"]
[BlackElo "2577"]
[TimeControl "180+1"]
[EndTime "14:18:33 PDT"]
[Termination "GlavkonVVS won on time"]

1. c4 Nf6 2. g3 c5 3. Bg2 Nc6 4. Nf3 d6 5. d4 cxd4 6. Nxd4 Bd7 7. Nc3 e6 8. Nc2 a6 9. O-O Rc8 10. b4 d5 11. b5 Na5 12. bxa6 bxa6 13. Rb1 Nxc4 14. e4 Nd6 15. Nxd5 exd5 16. e5 Ba4 17. exf6 Qxf6 18. Qe2+ Be7 19. Rb2 Bb5 20. Rxb5 Nxb5 21. Re1 O-O 22. a4 Nd6 23. Bxd5 Nf5 24. Ne3 Bb4 25.
Nxf5 Qxf5 26. Be4 Qe6 27. Rd1 Rfe8 28. f3 Qf6 29. Bb2 Bc3 30. Bxc3 Qxc3 31. Qxa6 Qe3+ 32. Kg2 g6 33. Rf1 Rc1 34. Rxc1 Qxc1 35. Qb5 Rd8 36. Kh3 Qd2 37. f4 Qd4 38. Qe2 Qd7+ 39. Kg2 Qxa4 40. Qf3 Qd4 41. Bc6 Rb8 42. Kh3 Rb2 0-1

[Event "Late-Titled-Tuesday-Blitz-May-28-2024"]
[Site "Chess.com"]
[Date "2024.05.28"]
[Round "2"]
[White "jcmesafischer"]
[Black "TheDiscoOne"]
[Result "1-0"]
[WhiteElo "2344"]
[BlackElo "2519"]
[TimeControl "180+1"]
[EndTime "14:18:33 PDT"]
[Termination "jcmesafischer won by checkmate"]

1. e4 c5 2. Nc3 g6 3. g3 Bg7 4.
Bg2 h5 5. Nf3 d6 6. O-O Nc6 7. d3 Bg4 8. h3 Bd7 9. Bg5 Nf6 10. Qd2 Qc8 11. Kh2 Nh7 12. Be3 Nd4 13. Bxd4 cxd4 14. Ne2 e5 15. c3 dxc3 16. Nxc3 Be6 17.
Rac1 Qd7 18. d4 exd4 19. Nxd4 O-O 20. Nxe6 Qxe6 21. Rfd1 Rfd8 22. Nd5 Rac8 23. h4 Nf6 24. Bh3 Ng4+ 25. Kg1 Qxe4 26. Rxc8 Rxc8 27. Re1 Qc4 28. Ne7+ Kh7 29. Nxc8 Qxc8 30. Qxd6 Bxb2 31. Qf4 Qd7 32. f3 Nh6 33. Bxd7 Ba3 34. Qd4 b6 35. Rc1 Bxc1 36. Qc4 Ba3 37. Be8 Bc5+ 38. Kg2 Kg7 39. Bd7 Ng8 40.
Bh3 Nf6 41. Qc3 Be7 42. g4 hxg4 43. fxg4 Kg8 44. g5 Nd5 45. Qc8+ Kg7 46. Kf3 Bc5 47. Qd7 Ne7 48. Qd2 f6 49. Qc3 Ng8 50. Be6 Be7 51.
Bxg8 Kxg8 52. gxf6 Bc5 53. Qc4+ Kf8 54. Qe6 a5 55. Qd7 a4 56. Qg7+ Ke8 57. f7+ Kd7 58. f8=Q+ Kc6 59. Qe8+ Kd5 60. Qe4+ Kd6 61. Qge7# 1-0